 Dungeon Crawl Stone Soup version 0.20-a0-2-g2b0e13a (webtiles) character file.

694209 junb69 the Slayer (level 27, -1/261 HPs)
             Began as a Yellow Draconian Gladiator on Oct 21, 2016.
             Was the Champion of Ashenzari.
             Killed from afar by an electric golem (11 damage)
             ... with a bolt of lightning
             ... on level 2 of the Realm of Zot on Oct 28, 2016.
             The game lasted 05:53:07 (95423 turns).

junb69 the Slayer (Yellow Draconian Gladiator)     Turns: 95423, Time: 05:53:08

Health: -1/261     AC: 28    Str: 21    XL:     27
Magic:  49/56      EV: 33    Int: 17    God:    Ashenzari [******]
Gold:   8212       SH: 20    Dex: 21    Spells: 10 memorised, 9 levels left

rFire  + . .     SeeInvis +     q - +7 demon blade (freeze)
rCold  . . .     Gourm    +     (armour unavailable)
rNeg   . . .     Faith    .     O - +5 shield {AC+3} (curse)
rPois  +         Spirit   .     h - +3 hat of Pondering {ponderous, MR+ MP+10 Int+5} (curse)
rElec  .         Reflect  .     i - +2 cloak (curse)
rCorr  +         Harm     .     n - +2 pair of gloves {Str+3} (curse)
MR     +++..     Clarity  +     I - +2 pair of boots {run} (curse)
Stlth  ++++++....               Q - amulet of the gourmand (curse)
                                W - ring of protection from fire (curse)
                                H - +3 ring of slaying (curse)

@: very slightly contaminated, hasted, very quick
A: spit acid, acid resistance, unfitting armour, antennae 1, stinger 1, blink,
blurry vision 1, poison resistance, acidic bite, no device heal 1, cold-blooded,
AC +13
a: Spit Acid, Blink, Curse Item, Scrying, Transfer Knowledge, Renounce Religion
}: 5/15 runes: barnacled, slimy, silver, abyssal, gossamer


You were on level 2 of the Realm of Zot.
You worshipped Ashenzari.
Ashenzari was exalted by your worship.
You were completely stuffed.

You visited 12 branches of the dungeon, and saw 53 of its levels.
You visited the Abyss 4 times.
You also visited: Bailey, Ice Cave, Wizlab and Desolation.

You collected 10754 gold pieces.
You spent 2542 gold pieces at shops.

Inventory:

Hand Weapons
 c - the +7 scimitar "Ateselih" {flame, rC+ Dex+4}
   (You found it on level 2 of the Vaults)

   It has been specially enchanted to burn those struck by it, causing extra
   injury to most foes and up to half again as much damage against particularly
   susceptible opponents.
   Big, fiery blades are also staple armaments of hydra-hunters.
   It affects your dexterity (+4).
   It protects you from cold.
 q - a +7 demon blade of freezing (weapon)
Armour
 h - the cursed +3 hat of Pondering (worn) {ponderous, MR+ MP+10 Int+5}
   (You took it off Gastronok on level 10 of the Dungeon)

   It affects your intelligence (+5).
   It affects your resistance to hostile enchantments.
   It affects your magic capacity (+10).
   It has a curse placed upon it.
 i - a cursed +2 cloak (worn)
 n - a cursed +2 pair of gloves of strength (worn)
 I - a cursed +2 pair of boots of running (worn)
 O - a cursed +5 shield of protection (worn)
Rods
 d - a +5 rod of ignition (10/10)
   (You found it on level 1 of the Depths)
 E - a +0 rod of inaccuracy (13/13)
   (You found it on level 2 of the Depths)
Jewellery
 H - a cursed +3 ring of slaying (left hand)
 M - an uncursed ring of protection from magic
 Q - a cursed amulet of the gourmand (around neck)
 W - a cursed ring of protection from fire (right hand)
Wands
 o - a wand of disintegration (11/24)
 u - a wand of hasting (1/9)
 K - a wand of digging (6/24)
 Y - a wand of heal wounds (2/9)
Scrolls
 a - 7 scrolls of magic mapping
 f - 9 scrolls of teleportation
 j - 5 scrolls of summoning
 l - 10 scrolls of identify
 m - 5 scrolls of blinking
 p - a scroll of brand weapon
 t - 7 scrolls of recharging
 y - 4 scrolls of enchant armour
 A - a scroll of holy word
 G - 7 scrolls of remove curse
 L - 3 scrolls of vulnerability
 V - 3 scrolls of amnesia
Potions
 e - 5 potions of might
 g - 6 potions of resistance
 z - 3 potions of haste
 B - 6 potions of lignification
 F - 9 potions of agility
 J - 7 potions of flight
 N - 4 potions of heal wounds
 P - a potion of cure mutation
 U - 9 potions of curing
Miscellaneous
 v - 5 phantom mirrors
Comestibles
 b - 9 bread rations
 k - 10 beef jerkies
 r - 13 royal jellies
 s - 12 slices of pizza
 x - 27 meat rations


   Skills:
 * Level 24.1 Fighting
 - Level 14.0 Long Blades
 - Level 1.7 Throwing
 * Level 20.1(23.6) Dodging
 - Level 10.0(14.2) Stealth
 - Level 12.7(15.3) Shields
 - Level 2.1 Unarmed Combat
 - Level 19.2 Spellcasting
 - Level 7.3(11.8) Conjurations
 - Level 14.9(18.9) Hexes
 - Level 7.0(11.5) Charms
 - Level 11.1(15.3) Summonings
 - Level 15.5(19.4) Translocations
 - Level 7.5(12.0) Transmutations
 - Level 3.7(7.8) Ice Magic
 - Level 7.9(12.3) Air Magic
 - Level 10.7(14.9) Evocations


You had 9 spell levels left.
You knew the following spells:

 Your Spells              Type           Power        Failure   Level  Hunger
a - Ozocubu's Armour      Chrm/Ice       #####...     1%          3    None
b - Controlled Blink      Tloc           N/A          10%         8    #######
c - Deflect Missiles      Chrm/Air       ######....   4%          6    #####..
d - Discord               Hex            ######....   12%         8    #######
e - Regeneration          Chrm/Necr      #####.....   1%          3    None
f - Aura of Abjuration    Summ           ######....   1%          5    ###....
g - Summon Mana Viper     Hex/Summ       ######..     1%          5    ###....
h - Irradiate             Conj/Tmut      ######....   1%          5    ###....
i - Silence               Hex/Air        ######....   1%          5    ###....
j - Malign Gateway        Summ/Tloc      ######....   2%          7    ######.


Dungeon Overview and Level Annotations

Branches:
Dungeon (15/15)            Temple (1/1) D:5            Lair (6/6) D:8
 Shoals (4/4) Lair:3       Spider (4/4) Lair:3        Slime (5/5) Lair:5
    Orc (2/2) D:9             Elf (3/3) Orc:2        Vaults (5/5) D:13
  Crypt (0/3) Vaults:2     Depths (5/5) D:15           Hell (1/1)
    Dis (0/7) Hell            Geh (0/7) Hell            Coc (0/7) Hell
    Tar (0/7) Hell            Zot (2/5) Depths:5

Altars:
Ashenzari
Cheibriados
Dithmenos
Elyvilon
Fedhas
Gozag
Hepliaklqana
Kikubaaqudgha
Nemelex Xobeh
Okawaru
Qazlal
Ru
Sif Muna
Trog
Uskayaw
Vehumet
Xom
Yredelemnul
Zin
The Shining One
Jiyva
Lugonu

Shops:
Orc:2 *(=[   Elf:1 [   Shoals:4 [   Vaults:2 =?(   Vaults:4 %!   Depths:1 *
Depths:3 [[=?

Portals:
Hell: Depths:1 Depths:2 Depths:3 Depths:4 Depths:5
Abyss: Depths:1 Depths:3 Depths:4
Pandemonium: Depths:2 Depths:3 Depths:5
Ziggurat: Depths:5

Annotations:
Lair:1 exclusion: hydra
Lair:6 exclusion: oklob plant


Innate Abilities, Weirdness & Mutations

You can spit globs of acid.
You are resistant to acid.
Your golden yellow scales are hard. (AC +13)
You cannot fit into any form of body armour.
You have acidic saliva.
You are cold-blooded and may be slowed by cold attacks.
You have a pair of small antennae on your head.
Your tail ends in a poisonous barb.
You can translocate small distances at will.
Scrolls take you a little longer to read.
Your system is resistant to poisons. (rPois)
Potions and wands are less effective at restoring your health.


Message History

You feel yourself speed up.
You are very lightly contaminated with residual magic.
This wand has 1 charge left.
The electric golem hurls lightning at you.
The bolt of lightning misses you. x2
The bolt of lightning misses the electric golem.
Really read with blurry vision while enemies are nearby?
The electric golem hurls lightning at you.
The bolt of lightning hits you!
* * * LOW HITPOINT WARNING * * *
The bolt of lightning misses you.
The bolt of lightning hits the electric golem.
The electric golem completely resists.
The curse toe calls on the powers of darkness!
Your body is wracked with pain!
* * * LOW HITPOINT WARNING * * *
You begin reading the scroll.
You continue reading the scroll.
The electric golem hurls lightning at you.
The bolt of lightning misses you. The bolt of lightning hits you!
You die...

......#,***+*⌠,q.⌠*+***,***
......#,,,,,**...**,,,,,*
......#,,{,,*##q##*,,{,,*
......#8,>,8*#####*8,>,8*
......###***##...######**
........#####.........#
.....................#*
#####...........8...#* #
###........z@..##
#.#####......#** ###
#####....# *#####


You could see an electric golem, a curse toe and a yellow draconian scorcher.

Vanquished Creatures
  An orb of fire (Zot:2)
  A juggernaut (Depths:3)
  A curse toe (Zot:1)
  Frederick (Vaults:2)
  Geryon (Hell)
  Margery (Depths:3)
  A caustic shrike (Depths:3)
  4 golden dragons
  A golden dragon (shapeshifter) (Depths:5)
  Jory (Vaults:3)
  A Hellbinder (WizLab)
  An iron giant (Depths:3)
  9 tentacled monstrosities
  6 liches
  2 electric golems
  Jorgrun (Vaults:5)
  A hellephant (Abyss:3)
  6 acid blobs
  2 deep elf master archers (Elf:3)
  5 quicksilver dragons
  4 titans
  2 deep elf blademasters (Elf:3)
  5 death cobs
  2 Executioners (Abyss:3)
  Gastronok (D:10)
  6 storm dragons
  5 sphinxes
  4 tentacled starspawn (Abyss:3)
  A kraken (Shoals:1)
  5 tengu reavers
  2 shadow dragons
  9 azure jellies
  A revenant (Abyss:3)
  2 draconian monks
  15 frost giants
  2 emperor scorpions (Spider:4)
  14 fire giants
  3 orc warlords
  6 deep elf sorcerers
  Louise (Elf:3)
  5 iron dragons
  6 ghost moths
  A juggernaut zombie (Hell)
  20 vault wardens
  2 draconian shifters
  A cacodemon (WizLab)
  An imperial myrmidon (Desolation)
  A caustic shrike zombie (Depths:4)
  An angel (Abyss:3)
  6 deep elf elementalists
  2 spriggan defenders
  2 draconian zealots (Zot:1)
  3 draconian annihilators
  15 ironheart preservers
  21 very ugly things
  23 stone giants
  4 reapers
  7 war gargoyles
  Nessos (Orc:2)
  8 entropy weavers
  2 vampire knights (Depths:4)
  A lorocyproca (Abyss:3)
  2 ophanim (Abyss:3)
  9 black draconians
  6 deep elf annihilators
  2 green draconians
  3 purple draconians
  4 yellow draconians (Zot:1)
  A dire elephant (shapeshifter) (Depths:5)
  2 white draconians (Zot:1)
  12 deep elf demonologists
  2 mottled draconians (Zot:1)
  4 red draconians (Zot:1)
  9 merfolk javelineers
  A halazid warlock (Desolation)
  24 ettins
  18 spark wasps
  14 merfolk impalers
  2 crystal guardians (Desolation)
  4 ragged hierophants (Desolation)
  5 deep elf death magi (Elf:3)
  4 death oozes
  A quicksilver dragon zombie (Depths:4)
  A green death (WizLab)
  A blizzard demon (WizLab)
  12 fire dragons
  Josephine (Lair:4)
  5 deep elf high priests
  24 yaktaur captains
  19 great orbs of eyes
  Harold (Orc:1)
  14 vault guards
  5 peacekeepers (Desolation)
  A hell beast (WizLab)
  6 servants of whispers (Desolation)
  17 ice dragons
  7 hydras
  5 merfolk avatars
  6 spriggan air magi
  The ghost of Enish the Fencer, a journeyman HEAK of Lugonu (IceCv)
  14 centaur warriors
  2 merfolk aquamancers (Shoals:4)
  3 death yaks (Lair:6)
  11 ogre magi
  39 dancing weapons
  3 satyrs
  6 deep troll shamans
  7 death knights
  3 hell hogs (Hell)
  7 deep troll earth magi
  4 tengu warriors
  4 spriggan berserkers
  A titan zombie (Hell)
  5 orc high priests
  2 thrashing horrors (Abyss:3)
  7 soul eaters
  A titan skeleton (Depths:4)
  18 hell knights
  8 sun demons
  4 wretched stars
  4 iron trolls
  33 deep elf knights
  A skeletal warrior (D:14)
  3 sixfirhies
  24 deep trolls
  2 anaconda zombies
  A sea snake (shapeshifter) (Vaults:4)
  4 spatial maelstroms
  3 unseen horrors
  11 sea snakes
  2 unseen horrors (shapeshifter)
  A golden dragon skeleton (Depths:4)
  A shadow demon (Abyss:3)
  4 shadow wraiths
  6 glowing orange brains
  10 starcursed masses
  8 wizards
  3 flayed ghosts
  A tengu zombie (Vaults:3)
  5 hill giants
  14 harpies
  2 lindwurms (Lair:6)
  3 phantasmal warriors
  9 necromancers
  A sphinx zombie (Hell)
  18 orb spiders
  12 cyclopes
  28 deep elf archers
  35 wolf spiders
  17 ironbrand convokers
  10 orc knights
  A harpy (shapeshifter) (Depths:4)
  A wolf spider (shapeshifter) (Vaults:1)
  4 fauns
  An oklob plant (Lair:3)
  12 manticores
  92 deep elf magi
  A shining eye (shapeshifter) (Depths:2)
  2 shining eyes (Slime:5)
  54 ugly things
  2 fire giant zombies (Hell)
  6 orc sorcerers
  9 moths of wrath
  2 stone giant skeletons
  A stone giant zombie (Vaults:3)
  A faun (shapeshifter) (Depths:3)
  6 salamanders (Depths:3)
  6 elephants (Lair:6)
  10 sirens
  5 eyes of devastation
  2 water nymphs
  2 frost giant skeletons
  A guardian serpent (shapeshifter) (Vaults:3)
  3 rust devils
  17 vault sentinels
  2 orange demons (WizLab)
  4 guardian serpents (Desolation)
  A black mamba (shapeshifter) (Depths:5)
  7 black mambas
  An eye of devastation (shapeshifter) (Vaults:1)
  3 yaktaur zombies
  10 torpor snails
  4 ice statues
  9 smoke demons
  2 gargoyles
  18 spiny frogs
  3 molten gargoyles (Desolation)
  2 kobold demonologists
  2 hellions
  An ice devil (Depths:2)
  72 yaktaurs
  13 freezing wraiths
  2 tormentors
  6 ancient zymes
  5 hellwings
  An efreet (D:11)
  15 demonic crawlers
  3 hydra zombies (Hell)
  9 komodo dragons
  3 tengu conjurers
  31 jumping spiders
  10 polar bears
  4 queen bees (shapeshifter)
  A troll (shapeshifter) (Depths:2)
  10 trolls
  A jumping spider (shapeshifter) (D:13)
  18 merfolk
  22 two-headed ogres
  A red devil (WizLab)
  A spriggan zombie (Hell)
  A hornet (shapeshifter) (Vaults:1)
  17 hornets
  4 tyrant leeches (Lair:6)
  6 wind drakes
  35 saltlings (Desolation)
  A hydra skeleton (Hell)
  11 raiju
  A wind drake (shapeshifter) (Depths:3)
  11 hippogriffs
  A raiju (shapeshifter) (Vaults:3)
  A shadow dragon simulacrum (Vaults:3)
  56 slime creatures
  9 dream sheep
  6 blink frogs
  An ettin zombie (Vaults:5)
  2 alligator zombies (Hell)
  11 snapping turtles
  A shadow (D:14)
  19 water elementals
  10 air elementals
  4 flying skulls (Abyss:3)
  2 ynoxinuls
  64 redbacks
  2 spriggans
  A tarantella (shapeshifter) (Vaults:5)
  A vampire (D:12)
  9 wraiths
  30 tarantellas
  7 basilisks
  A black mamba skeleton (Hell)
  2 steam dragons
  33 yaks
  4 wyverns
  7 fire elementals
  A human (D:10)
  3 fire bats (Abyss:3)
  4 chaos spawn
  A golden eye (Lair:4)
  3 hogs (D:10)
  A yaktaur simulacrum (Vaults:5)
  A hungry ghost (D:14)
  2 neqoxecs
  Edmund (D:4)
  A naga (Depths:1)
  A soldier ant (shapeshifter) (Vaults:5)
  10 wargs
  2 spatial vortices
  A mottled dragon (Vaults:2)
  The ghost of junb69 the Cutter, an amateur KoGl of Ashenzari (D:3)
  A deep troll zombie (Vaults:3)
  7 insubstantial wisps (Abyss:3)
  A soldier ant (D:13)
  8 hell hounds
  15 large abominations
  11 water moccasins
  10 porcupines
  A floating eye (shapeshifter) (Depths:3)
  2 spiny frog zombies (Hell)
  8 ice beasts
  64 orc warriors
  3 sky beasts
  15 black bears
  A hornet zombie (D:14)
  7 eyes of draining
  A phantom (D:14)
  8 boggarts
  51 ogres
  A boggart (shapeshifter) (Vaults:3)
  21 wolves
  38 centaurs
  14 crocodiles
  3 earth elementals
  2 big kobolds
  Blork the orc (D:6)
  29 bullfrogs
  2 wyvern skeletons
  A scorpion (shapeshifter) (Depths:3)
  4 scorpions
  An orc simulacrum (Vaults:2)
  4 killer bees (D:8)
  19 wights
  A howler monkey (D:8)
  11 electric eels
  11 crimson imps
  3 bullfrog zombies
  2 centaur zombies
  23 hounds
  2 quasits
  A wyvern simulacrum (D:12)
  2 human simulacra
  3 iron imps
  5 centaur skeletons
  5 jellies
  32 orc wizards
  13 small abominations
  21 orc priests
  A bullfrog skeleton (D:13)
  11 worker ants
  7 iguanas
  A hound zombie (D:5)
  A howler monkey zombie (D:5)
  9 gnolls
  11 adders
  2 river rats (D:8)
  7 shadow imps
  16 white imps
  2 ufetubi
  2 oozes (Lair:5)
  An adder skeleton (D:6)
  2 dart slugs
  4 worms
  A worm (shapeshifter) (Vaults:3)
  4 leopard geckos
  124 orcs
  2 ball pythons
  6 giant cockroaches
  8 hobgoblins
  10 jackals
  7 quokkas
  15 bats
  4 frilled lizards
  11 goblins
  19 kobolds
  A quokka skeleton (D:4)
  17 rats
  A spectral orc (D:4)
  A bush (Lair:4)
  4 pillars of salt (Vaults:4)
  4 plants
  3 tentacles (Shoals:1)
2700 creatures vanquished.

Vanquished Creatures (collateral kills)
  the Royal Jelly (Slime:5)
  An orb of fire (Zot:1)
  A juggernaut (Abyss:3)
  A golden dragon (Zot:1)
  Nikola (Depths:2)
  Arachne (Spider:4)
  4 tentacled monstrosities
  2 liches
  2 titans (Vaults:5)
  4 acid blobs
  A death cob (Zot:1)
  4 shadow dragons
  Ilsuiw (Shoals:4)
  A storm dragon (Depths:5)
  A daeva (Abyss:3)
  A draconian monk (Zot:1)
  A deep elf sorcerer (Vaults:5)
  The ghost of gottagoquickly the Severer, a journeyman MiBe of Trog (Spider:3)
  An iron dragon (Hell)
  2 fire giants
  4 azure jellies
  2 frost giants
  A vault warden (Vaults:4)
  A juggernaut zombie (Depths:4)
  A draconian shifter (Zot:1)
  An angel (Depths:5)
  An imperial myrmidon (Desolation)
  A ghost moth (Spider:4)
  3 emperor scorpions
  2 war gargoyles (Vaults:5)
  9 very ugly things
  7 stone giants
  4 reapers
  3 entropy weavers
  A green draconian (Depths:5)
  A black draconian (Depths:5)
  A purple draconian (Zot:2)
  2 mottled draconians
  3 red draconians
  2 yellow draconians
  6 spark wasps
  A merfolk javelineer (Shoals:4)
  2 crystal guardians (Desolation)
  2 ettins (Depths:3)
  A merfolk impaler (Shoals:3)
  2 fire dragons (Depths:4)
  2 great orbs of eyes
  2 ragged hierophants (Desolation)
  2 death oozes
  2 yaktaur captains
  2 ice dragons
  A rakshasa (Depths:2)
  2 servants of whispers (Desolation)
  24 vault guards (Vaults:5)
  A spriggan air mage (Depths:3)
  2 peacekeepers (Desolation)
  2 merfolk aquamancers (Shoals:4)
  An alligator snapping turtle (Shoals:4)
  2 ogre magi
  A thrashing horror (Abyss:3)
  A deep troll shaman (Depths:4)
  A titan zombie (Hell)
  A spriggan berserker (Depths:4)
  2 deep troll earth magi (Depths:4)
  2 tengu warriors
  A sun demon (WizLab)
  10 hell knights
  A storm dragon zombie (Abyss:3)
  4 wretched stars (Abyss:3)
  2 iron trolls
  2 cherubim (Abyss:3)
  A golden dragon zombie (Depths:4)
  A titan skeleton (Depths:4)
  An unseen horror (Vaults:1)
  A death drake (shapeshifter) (Depths:5)
  2 sea snakes (Shoals:4)
  A tengu zombie (Depths:4)
  7 deep trolls
  A deep elf archer (Vaults:2)
  A lindwurm (shapeshifter) (Vaults:4)
  A phantasmal warrior (Vaults:5)
  An ironbrand convoker (Desolation)
  2 starcursed masses (Abyss:3)
  2 deep elf magi
  3 harpies
  8 wolf spiders
  2 frost giant zombies
  2 necromancers (Depths:4)
  9 orb spiders
  A stone giant zombie (Hell)
  A manticore (Shoals:4)
  2 shining eyes (Slime:5)
  3 cyclopes
  2 salamanders
  7 ugly things
  A naga mage (Depths:1)
  A rust devil (Hell)
  2 vault sentinels (Vaults:5)
  2 smoke demons (Abyss:3)
  2 torpor snails
  2 yaktaur zombies (Hell)
  7 yaktaurs
  3 demonic crawlers
  A golden dragon simulacrum (Depths:4)
  3 hellwings
  6 red devils
  2 tengu conjurers (Depths:3)
  A merfolk (Shoals:3)
  A troll (Vaults:5)
  2 hornets
  6 jumping spiders
  2 two-headed ogres (Depths:3)
  An ettin zombie (Hell)
  2 raiju (Abyss:3)
  A fire dragon zombie (Hell)
  18 slime creatures
  A hippogriff (Shoals:4)
  23 saltlings (Desolation)
  A snapping turtle (Shoals:4)
  A dream sheep (Shoals:3)
  2 air elementals (Depths:3)
  A ynoxinul (Abyss:3)
  7 redbacks
  2 tarantellas (Spider:1)
  A spriggan (Depths:3)
  A water elemental (Hell)
  A yak (shapeshifter) (Vaults:2)
  A tarantella (shapeshifter) (Vaults:5)
  A neqoxec (Abyss:3)
  A spiny frog skeleton (Hell)
  4 large abominations (Abyss:3)
  An eye of draining (Slime:4)
  5 ogres
  2 orc warriors
  A black mamba simulacrum (Abyss:3)
  A centaur (Vaults:1)
  A small abomination (Abyss:3)
  2 crimson imps (Depths:3)
  2 iron imps (Hell)
  A white imp (Abyss:3)
  2 orcs
  A plant (Shoals:3)
364 creatures vanquished.

Vanquished Creatures (others)
  42 eldritch tentacles
  A vault warden (Vaults:4)
  A green death (WizLab)
  A deep elf knight (Elf:3)
  A sixfirhy (Abyss:3)
  A death drake (shapeshifter) (Depths:3)
  A deep elf mage (Elf:2)
  A manticore (shapeshifter) (Depths:4)
  A worldbinder (Abyss:3)
  A vault sentinel (Vaults:1)
  An ancient zyme (Abyss:3)
  A flying skull (Abyss:3)
  An alligator skeleton (Abyss:3)
  A small abomination (Abyss:3)
  An orc warrior (Vaults:5)
  An elf simulacrum (Abyss:1)
  An orc priest (Vaults:4)
  An orc wizard (Elf:1)
  An ufetubus (Abyss:1)
  An orc (Vaults:5)
  2 kobolds (D:12)
  3 bushes
  33 fungi
  7 pillars of salt (Vaults:4)
  147 plants
  8 starspawn tentacles (Abyss:3)
  2 tentacles (Shoals:1)
  13 toadstools (Lair:6)
276 creatures vanquished.

Grand Total: 3340 creatures vanquished

Notes
Turn   | Place    | Note
-------+----------+-------------------------------------------
     0 | D:1      | junb69 the Draconian Gladiator began the quest for the Orb.
     0 | D:1      | Reached XP level 1. HP: 17/17 MP: 1/1
   205 | D:1      | Reached XP level 2. HP: 25/25 MP: 2/2
   727 | D:2      | Reached XP level 3. HP: 30/30 MP: 3/3
   760 | D:2      | Found a snail-covered altar of Cheibriados.
  1007 | D:2      | You fall through a shaft!
  1322 | D:3      | Reached XP level 4. HP: 37/37 MP: 4/4
  1620 | D:3      | Reached skill level 5 in Long Blades
  1939 | D:3      | Noticed junb69's ghost (amateur KoGl)
  2026 | D:4      | Reached XP level 5. HP: 41/42 MP: 5/5
  2078 | D:4      | Found an opulent altar of Gozag.
  2081 | D:4      | Noticed Edmund
  2122 | D:4      | Killed Edmund
  2122 | D:4      | Reached XP level 6. HP: 20/50 MP: 6/6
  2417 | D:4      | Found a basalt altar of Yredelemnul.
  2884 | D:4      | Found an iron altar of Okawaru.
  2884 | D:4      | Found a bloodstained altar of Trog.
  3036 | D:3      | Killed junb69's ghost
  3036 | D:3      | Your scales start taking on a golden yellow colour.
  3036 | D:3      | Reached XP level 7. HP: 28/56 MP: 7/7
  3736 | D:5      | Entered Level 5 of the Dungeon
  3771 | D:5      | Reached skill level 3 in Fighting
  4124 | D:5      | Found a staircase to the Ecumenical Temple.
  4133 | Temple   | Entered the Ecumenical Temple
  4149 | Temple   | Became a worshipper of Ashenzari the Shackled
  4326 | D:5      | Reached skill level 4 in Fighting
  4619 | D:6      | Reached XP level 8. HP: 65/67 MP: 8/8
  4645 | D:5      | Reached skill level 1 in Shields
  5239 | D:6      | Noticed Blork the orc
  5273 | D:6      | Killed Blork the orc
  6569 | D:7      | Reached skill level 5 in Fighting
  6699 | D:8      | Reached XP level 9. HP: 74/74 MP: 9/9
  6808 | D:8      | Reached skill level 5 in Dodging
  6982 | D:8      | Reached * piety under Ashenzari
  7088 | D:8      | Reached skill level 6 in Fighting
  7450 | D:8      | Found a staircase to the Lair.
  7624 | D:8      | Reached skill level 7 in Fighting
  7961 | Lair:1   | Entered Level 1 of the Lair of Beasts
  7961 | Lair:1   | Noticed a spiny frog
  7964 | Lair:1   | Killed a spiny frog
  8051 | Lair:1   | Noticed a spiny frog
  8059 | Lair:1   | Killed a spiny frog
  8059 | Lair:1   | Reached skill level 8 in Fighting
  8068 | Lair:1   | Noticed a komodo dragon
  8074 | Lair:1   | Killed a komodo dragon
  8074 | Lair:1   | Reached XP level 10. HP: 88/88 MP: 10/10
  8104 | Lair:1   | Noticed a four-headed hydra
  8463 | Lair:1   | Reached skill level 10 in Long Blades
  9134 | Lair:2   | Noticed a spiny frog
  9139 | Lair:2   | Reached skill level 9 in Fighting
  9145 | Lair:2   | Killed a spiny frog
  9332 | Lair:2   | Noticed a five-headed hydra
  9593 | Lair:2   | Noticed a spiny frog
  9611 | Lair:2   | Killed a spiny frog
  9994 | Lair:2   | Reached ** piety under Ashenzari
 10043 | Lair:2   | Noticed a spiny frog
 10056 | Lair:2   | Killed a spiny frog
 10363 | Lair:2   | Noticed a five-headed hydra
 10372 | Lair:2   | Noticed a spiny frog
 10514 | Lair:3   | Found a staircase to the Shoals.
 10514 | Lair:3   | Noticed a manticore
 10519 | Lair:3   | Reached skill level 1 in Evocations
 10524 | Lair:3   | Killed a manticore
 10708 | Lair:3   | Reached XP level 11. HP: 79/99 MP: 12/12
 10864 | Lair:3   | Reached skill level 10 in Fighting
 10875 | Lair:3   | Found a hole to the Spider Nest.
 11098 | Lair:3   | Noticed an oklob plant
 11159 | Lair:3   | Killed an oklob plant
 11663 | Lair:3   | Found a hazy altar of Hepliaklqana.
 12803 | Lair:4   | Reached *** piety under Ashenzari
 12821 | Lair:4   | Reached skill level 11 in Fighting
 12906 | Lair:4   | Noticed Josephine
 12918 | Lair:4   | Killed Josephine
 12918 | Lair:4   | Reached skill level 5 in Evocations
 13216 | Lair:4   | Learned a level 3 spell: Confuse
 13221 | Lair:4   | Learned a level 3 spell: Tukima's Dance
 13250 | Lair:4   | Reached skill level 10 in Dodging
 13380 | Lair:4   | Noticed a six-headed hydra
 13410 | Lair:4   | Noticed a great orb of eyes
 13410 | Lair:4   | a six-headed hydra changed into a great orb of eyes
 13434 | Lair:4   | Killed a great orb of eyes
 13434 | Lair:4   | Reached skill level 1 in Hexes
 13763 | Lair:4   | Noticed a four-headed hydra
 13968 | Lair:4   | Reached XP level 12. HP: 99/110 MP: 15/15
 14166 | Lair:4   | Noticed a great orb of eyes
 14166 | Lair:4   | a four-headed hydra changed into a great orb of eyes
 14172 | Lair:4   | Killed a great orb of eyes
 14301 | Lair:4   | Noticed Sonja
 14307 | Lair:4   | Cast into level 1 of the Abyss (Sonja)
 14610 | Abyss:1  | Reached skill level 5 in Stealth
 14678 | Abyss:1  | Reached **** piety under Ashenzari
 14845 | Abyss:1  | Noticed a tentacled starspawn
 14930 | Abyss:1  | Reached skill level 12 in Fighting
 15251 | Abyss:1  | Noticed a purple very ugly thing
 15270 | Abyss:1  | Killed a red very ugly thing
 15276 | Lair:4   | Escaped the Abyss
 15567 | Lair:4   | Noticed Sonja
 15567 | Lair:4   | Sonja changed into Sonja the golden eye
 15568 | Lair:4   | Killed Sonja the golden eye
 15723 | Lair:5   | Reached skill level 1 in Spellcasting
 15801 | Lair:5   | Reached ***** piety under Ashenzari
 15844 | Lair:5   | Noticed a four-headed hydra
 15914 | Lair:5   | Noticed an azure jelly
 15914 | Lair:5   | a four-headed hydra changed into an azure jelly
 16399 | D:9      | Found a staircase to the Orcish Mines.
 16782 | Orc:1    | Entered Level 1 of the Orcish Mines
 16977 | Orc:1    | Noticed an orc warlord
 17375 | D:9      | Killed an orc warlord
 17375 | D:9      | Reached XP level 13. HP: 87/119 MP: 17/17
 18149 | Orc:1    | Noticed Harold
 18163 | Orc:1    | Killed Harold
 18401 | Orc:1    | Reached skill level 5 in Hexes
 18584 | Orc:2    | Entered Level 2 of the Orcish Mines
 18584 | Orc:2    | Found a staircase to the Elven Halls.
 18584 | Orc:2    | Noticed Nessos
 19377 | D:10     | Entered Level 10 of the Dungeon
 19573 | D:10     | Noticed Gastronok
 19614 | D:10     | Killed Gastronok
 19614 | D:10     | Reached skill level 13 in Fighting
 20229 | D:10     | Reached skill level 5 in Shields
 20348 | D:10     | Found a stormy altar of Qazlal.
 20935 | D:11     | Found a flagged portal.
 20949 | Bailey   | Entered a bailey
 21351 | D:11     | Identified a +2 pair of boots of running
 22258 | D:12     | Found a frozen archway.
 22414 | IceCv    | Entered an ice cave
 22454 | IceCv    | Noticed Enish's ghost (journeyman HEAK)
 22471 | IceCv    | Killed Enish's ghost
 22953 | IceCv    | Identified the Handbook of the Earthen Traveller
 23491 | D:12     | Gained mutation: You have acidic saliva. [Yellow Draconian growth]
 23491 | D:12     | Reached XP level 14. HP: 130/130 MP: 19/19
 23875 | D:12     | Identified a scroll of acquirement
 23879 | D:12     | Identified the cursed +0 cloak of Piubuaso {rPois rCorr SInv} (You acquired it on level 12 of the Dungeon)
 24248 | D:13     | Reached ****** piety under Ashenzari
 24384 | D:13     | Found a gate to the Vaults.
 24403 | D:13     | Reached skill level 14 in Fighting
 26112 | Orc:2    | Killed Nessos
 26138 | Orc:2    | Found Zozy's Antique Armour Shoppe.
 26194 | Orc:2    | Bought a pair of embroidered gloves for 252 gold pieces
 26598 | Orc:2    | Found Pasijiq's Antique Weapon Shoppe.
 26622 | Orc:2    | Noticed an orc warlord
 26651 | Orc:2    | Killed an orc warlord
 27491 | Orc:2    | Found Reczil's Jewellery Shoppe.
 27665 | Orc:2    | Found Waopt's General Store.
 27673 | Orc:2    | Bought a scroll of remove curse for 36 gold pieces
 27707 | Orc:2    | Bought a runed demon blade for 525 gold pieces
 27918 | Lair:2   | Reached skill level 10 in Shields
 28322 | Shoals:1 | Entered Level 1 of the Shoals
 28372 | Lair:5   | Killed an azure jelly
 28425 | Lair:5   | Found a staircase to the Slime Pits.
 28538 | Lair:5   | Reached XP level 15. HP: 100/139 MP: 22/22
 29045 | Lair:5   | Learned a level 6 spell: Deflect Missiles
 29046 | Lair:6   | Entered Level 6 of the Lair of Beasts
 29332 | Lair:6   | Found a blossoming altar of Fedhas.
 29838 | Lair:6   | Found a runed door.
 29987 | Lair:6   | Paralysed by a hornet for 2 turns
 30686 | Lair:6   | Reached skill level 1 in Air Magic
 30767 | Lair:6   | Reached skill level 1 in Charms
 31182 | Lair:6   | Learned a level 8 spell: Discord
 31987 | D:14     | Identified the cursed +0 battleaxe of Blood {chop, rPois}
 32538 | D:14     | Reached skill level 10 in Hexes
 33073 | D:15     | Entered Level 15 of the Dungeon
 33186 | D:15     | Identified the +7 trident of Cruel Justice {freeze, rN+}
 33640 | D:15     | Found a staircase to the Depths.
 33842 | D:15     | Reached XP level 16. HP: 107/147 MP: 23/23
 35300 | Elf:1    | Entered Level 1 of the Elven Halls
 35410 | Elf:1    | Found Geph's Antique Armour Shoppe.
 37014 | Elf:1    | Identified Kuecs's Almanac of Confrontation
 37297 | Elf:2    | Reached skill level 5 in Spellcasting
 37561 | Elf:2    | Learned a level 3 spell: Regeneration
 38617 | Elf:2    | Reached skill level 5 in Air Magic
 39001 | Elf:2    | Found a runed gate.
 39001 | Elf:2    | Found a runed gate.
 39001 | Elf:2    | Found a runed gate.
 39447 | Elf:2    | Reached skill level 5 in Charms
 39719 | Elf:2    | Reached XP level 17. HP: 154/154 MP: 27/27
 40457 | Elf:2    | Upgraded the game from 0.19-a0-1907-gcff654f to 0.19-a0-1908-g43c011f
 40493 | Elf:3    | Entered Level 3 of the Elven Halls
 41184 | Elf:3    | Identified the Reference Book on Earthen Bewitchment
 41774 | Elf:3    | Noticed Louise
 41808 | Elf:3    | Killed Louise
 42915 | Elf:3    | Reached skill level 15 in Fighting
 43157 | Elf:3    | Noticed a deep elf master archer
 43218 | Elf:3    | Killed a deep elf master archer
 43801 | Elf:3    | Noticed a Tzitzimitl
 44080 | Elf:3    | Noticed a deep elf blademaster
 44116 | Elf:3    | Killed a deep elf blademaster
 44331 | Elf:3    | Noticed a Brimstone Fiend
 44622 | Elf:3    | Noticed a deep elf master archer
 44668 | Elf:3    | Reached XP level 18. HP: 163/163 MP: 31/31
 44860 | Elf:3    | Identified the +9 dagger of the Stoat {vamp, rF+ SInv} (You took it off a deep elf death mage on level 3 of the Elven Halls)
 45541 | Elf:3    | Identified the Volume of the Venomous Traveller
 46005 | Elf:3    | Learned a level 5 spell: Aura of Abjuration
 46148 | Elf:1    | Learned a level 5 spell: Summon Mana Viper
 46270 | Orc:2    | Bought an uncursed ring of poison resistance for 260 gold pieces
 46522 | Spider:1 | Entered Level 1 of the Spider Nest
 46539 | Lair:3   | Reached skill level 1 in Summonings
 47336 | Spider:1 | Reached skill level 16 in Fighting
 48407 | Spider:2 | Reached skill level 10 in Spellcasting
 48683 | Spider:2 | Identified the +8 mace of Fundamental Breach {crush, +Fly rPois rC- Str+2}
 49655 | Spider:3 | Reached skill level 5 in Summonings
 50057 | Spider:3 | Noticed gottagoquickly's ghost (journeyman MiBe)
 50086 | Spider:3 | Killed gottagoquickly's ghost
 50600 | Spider:3 | Gained mutation: Your system is resistant to poisons. (rPois) [potion of beneficial mutation]
 51170 | Spider:4 | Entered Level 4 of the Spider Nest
 51772 | Spider:4 | Reached XP level 19. HP: 174/174 MP: 34/34
 52265 | Spider:4 | Noticed Arachne
 52273 | Spider:4 | Killed Arachne
 52592 | Spider:4 | Got a gossamer rune of Zot
 52853 | Spider:4 | Reached skill level 17 in Fighting
 54800 | Shoals:2 | Gained mutation: You are agile. (Dex +2) [potion of beneficial mutation]
 55062 | Shoals:2 | Reached skill level 15 in Dodging
 57084 | Shoals:4 | Entered Level 4 of the Shoals
 57160 | Shoals:4 | Reached skill level 18 in Fighting
 57214 | Shoals:4 | Found a glowing golden altar of the Shining One.
 57959 | Shoals:4 | Reached XP level 20. HP: 187/187 MP: 36/36
 58309 | Shoals:4 | Noticed Ilsuiw
 58681 | Shoals:4 | Found Fanimium's Antique Armour Shop.
 58743 | Shoals:4 | Killed Ilsuiw
 58771 | Shoals:4 | Found a blossoming altar of Fedhas.
 59102 | Shoals:4 | Got a barnacled rune of Zot
 59441 | Elf:1    | Learned a level 5 spell: Irradiate
 59452 | Elf:1    | Learned a level 5 spell: Silence
 59663 | Vaults:1 | Entered Level 1 of the Vaults
 59763 | Vaults:1 | Reached skill level 1 in Conjurations
 59785 | Vaults:1 | Reached skill level 1 in Transmutations
 59790 | Vaults:1 | Found a magical portal.
 59819 | WizLab   | Entered The Hall of the Hellbinder
 61140 | WizLab   | Noticed Useetuch
 61174 | WizLab   | Killed Useetuch the Hellbinder
 61193 | WizLab   | Found a burning altar of Makhleb.
 61239 | WizLab   | Identified Etiomi's Compendium of Summoning
 61241 | WizLab   | Identified Uruest's Guide on the Escort
 62254 | Vaults:1 | Reached skill level 5 in Transmutations
 62463 | Vaults:1 | Reached skill level 5 in Conjurations
 63472 | Vaults:1 | Reached XP level 21. HP: 151/196 MP: 37/37
 63781 | Vaults:2 | Identified the +7 scimitar "Ateselih" {flame, rC+ Dex+4}
 63805 | Vaults:2 | Reached skill level 1 in Translocations
 63843 | Vaults:2 | Found Kaecw's Magic Scroll Emporium.
 63853 | Vaults:2 | Bought a scroll of remove curse for 48 gold pieces
 63853 | Vaults:2 | Bought a scroll of remove curse for 48 gold pieces
 64020 | Vaults:2 | Found Zutef's Jewellery Shop.
 64119 | Vaults:2 | Noticed Frederick
 64329 | Vaults:2 | Killed Frederick
 64721 | Vaults:2 | Found Lomi's Weapon Emporium.
 64729 | Vaults:2 | Learned a level 3 spell: Ozocubu's Armour
 65735 | Vaults:2 | Found a staircase to the Crypt.
 66201 | Vaults:3 | Noticed Jory
 66244 | Vaults:3 | Killed Jory
 67101 | Vaults:3 | Paralysed by a great orb of eyes for 6 turns
 67110 | Vaults:3 | Paralysed by a great orb of eyes for 2 turns
 68412 | Vaults:4 | Found a ruined gateway.
 68441 | Desolati | Entered the Desolation of Salt
 68535 | Desolati | Identified the ring of Accord {rF+ rC- MP+9 Stlth+}
 68545 | Desolati | Identified the Papyrus of the Harmful Compass
 68996 | Desolati | Identified the Catalogue of the Destructive Volcanoes
 69079 | Desolati | Reached XP level 22. HP: 202/204 MP: 39/39
 69380 | Desolati | Identified the ring of Paloul {*Tele Dex+3}
 69381 | Desolati | Identified the amulet "Qijuh" {Harm *Drain Int+3}
 69421 | Desolati | Identified Jaoff's Catalogue of Execration
 69599 | Vaults:4 | Upgraded the game from 0.19-a0-1908-g43c011f to 0.19-a0-1920-g83281cb
 69642 | Vaults:4 | Reached skill level 19 in Fighting
 69827 | Vaults:4 | Reached skill level 1 in Ice Magic
 71307 | Vaults:4 | Found Reczil's Food Shop.
 71397 | Vaults:4 | Found Xirutt's Distillery.
 71401 | Vaults:4 | Bought a potion of agility for 80 gold pieces
 71401 | Vaults:4 | Bought a potion of heal wounds for 100 gold pieces
 71401 | Vaults:4 | Bought a potion of heal wounds for 100 gold pieces
 71401 | Vaults:4 | Bought a potion of heal wounds for 100 gold pieces
 71401 | Vaults:4 | Bought a potion of might for 80 gold pieces
 71631 | Vaults:5 | Entered Level 5 of the Vaults
 71845 | Vaults:5 | Reached skill level 20 in Fighting
 71956 | Vaults:5 | Reached skill level 15 in Spellcasting
 71964 | Vaults:5 | Reached XP level 23. HP: 150/215 MP: 38/42
 72023 | Vaults:5 | Noticed Jorgrun
 72051 | Vaults:5 | Killed Jorgrun
 72762 | Vaults:5 | Learned a level 7 spell: Malign Gateway
 72813 | Vaults:5 | Reached skill level 5 in Translocations
 74008 | Vaults:5 | Identified the ring of Deseqet {rPois rF- rC+ MR+ Dex+7} (You took it off a fire giant on level 5 of the Vaults)
 74226 | Vaults:5 | Reached skill level 10 in Translocations
 75026 | Vaults:5 | Identified the +1 pair of gloves of Joy {*Slow rPois Regen+ SInv}
 75037 | Vaults:5 | Got a silver rune of Zot
 75830 | Slime:1  | Entered Level 1 of the Pits of Slime
 76246 | Slime:4  | Reached XP level 24. HP: 222/226 MP: 42/42
 76270 | Slime:5  | Entered Level 5 of the Pits of Slime
 76518 | Slime:5  | Gained mutation: You are frail. (-10% HP) [a shining eye]
 76552 | Slime:5  | Reached skill level 21 in Fighting
 76888 | Slime:5  | Found a viscous altar of Jiyva.
 76897 | Slime:5  | Noticed the Royal Jelly
 76930 | Slime:5  | Killed the Royal Jelly
 77378 | Slime:5  | Identified the ring "Evoonawn" {Str+5 SInv Stlth-}
 77416 | Slime:5  | Identified the Almanac of Transmutation and Translocation
 77464 | Slime:5  | Lost mutation: You are agile. (Dex +2) [a shining eye]
 77465 | Slime:5  | Gained mutation: Your tail ends in a poisonous barb. [a shining eye]
 77503 | Slime:5  | Got a slimy rune of Zot
 78185 | Vaults:5 | Upgraded the game from 0.19-a0-1920-g83281cb to 0.20-a0
 78389 | Depths:1 | Entered Level 1 of the Depths
 78460 | Depths:1 | Found Emuamm's Serpentskin Sales.
 79035 | Depths:1 | Reached skill level 1 in Unarmed Combat
 79358 | Depths:1 | Identified a +5 rod of ignition (10/10) (You found it on level 1 of the Depths)
 79683 | Depths:1 | Found a one-way gate to the infinite horrors of the Abyss.
 79705 | Depths:1 | Found a gateway to Hell.
 79896 | Depths:1 | Learned a level 8 spell: Controlled Blink
 79940 | Hell     | Entered the Vestibule of Hell
 79940 | Hell     | Noticed Geryon
 80238 | Depths:2 | Noticed Nikola
 80249 | Depths:2 | Killed Nikola
 80940 | Depths:2 | Identified a +0 rod of inaccuracy (13/13) (You found it on level 2 of the Depths)
 81344 | Depths:2 | Found a one-way gate leading to the halls of Pandemonium.
 81501 | Depths:2 | Reached XP level 25. HP: 210/212 MP: 43/43
 81824 | Depths:3 | Found Waplodumn's Armour Shop.
 82070 | Depths:3 | Found Zyekluo's Assorted Antiques.
 82280 | Depths:3 | Found Emeaqoifi's Antique Armour Boutique.
 82290 | Depths:3 | Found a stormy altar of Qazlal.
 82337 | Depths:3 | Noticed Margery
 82355 | Depths:3 | Killed Margery
 82446 | Depths:3 | Found Livil's Jewellery Boutique.
 82722 | Depths:3 | Found Zeohug's Magic Scroll Emporium.
 82747 | Depths:3 | Bought a scroll of blinking for 165 gold pieces
 82747 | Depths:3 | Bought a scroll of summoning for 209 gold pieces
 82747 | Depths:3 | Bought a scroll of summoning for 209 gold pieces
 82747 | Depths:3 | Bought a scroll of enchant weapon for 165 gold pieces
 82747 | Depths:3 | Bought a scroll of enchant weapon for 165 gold pieces
 83287 | Depths:3 | Found a runed gate.
 83287 | Depths:3 | Found a runed gate.
 83287 | Depths:3 | Found a runed gate.
 83296 | Depths:3 | Noticed a juggernaut
 83297 | Depths:3 | Identified the ring of Vanity {Wiz Dex+6 Slay-4 SInv}
 83322 | Depths:3 | Reached skill level 22 in Fighting
 83350 | Depths:3 | Killed a juggernaut
 83477 | Depths:3 | Found a runed gate.
 83477 | Depths:3 | Found a runed gate.
 83477 | Depths:3 | Found a runed gate.
 85193 | Depths:4 | Found a corrupted altar of Lugonu.
 85781 | Depths:5 | Entered Level 5 of the Depths
 85920 | Depths:5 | Reached XP level 26. HP: 200/223 MP: 44/44
 86207 | Depths:5 | Reached skill level 10 in Summonings
 86226 | Depths:5 | Cast into level 4 of the Abyss (the eldritch tentacle)
 86244 | Depths:5 | Escaped the Abyss
 86477 | Depths:5 | Reached skill level 15 in Translocations
 86492 | Depths:5 | Found a gateway to a ziggurat.
 87189 | Depths:5 | Found a gate to the Realm of Zot.
 87517 | Depths:3 | Voluntarily entered the Abyss.
 87524 | Abyss:1  | Found a corrupted altar of Lugonu.
 87563 | Abyss:1  | Identified the Collected Works on Burning Beguiling
 87566 | Abyss:1  | Found a corrupted altar of Lugonu.
 87764 | Abyss:3  | Found a corrupted altar of Lugonu.
 89011 | Abyss:3  | Reached skill level 10 in Evocations
 89021 | Abyss:3  | Found a glowing golden altar of the Shining One.
 89048 | Abyss:3  | Noticed a juggernaut
 89064 | Abyss:3  | Killed a juggernaut
 89078 | Abyss:3  | Got an abyssal rune of Zot
 89241 | Abyss:3  | Found a glowing golden altar of the Shining One.
 89333 | Abyss:3  | Paralysed by a great orb of eyes for 2 turns
 89423 | Abyss:3  | Reached skill level 10 in Stealth
 89541 | Depths:3 | Escaped the Abyss
 89633 | Hell     | Killed Geryon
 89666 | Depths:4 | Gained mutation: You can translocate small distances at will. [mutagenic glow]
 90439 | Hell     | Reached XP level 27. HP: 79/230 MP: 45/45
 91016 | Hell     | Found a gateway to the decaying netherworld of Tartarus.
 91071 | Hell     | Found a gateway to the freezing wastes of Cocytus.
 91182 | Hell     | Cast into level 2 of the Abyss (reaper)
 91190 | Hell     | Escaped the Abyss
 91221 | Hell     | Found a gateway to the Iron City of Dis.
 91358 | Hell     | Found a gateway to the ashen valley of Gehenna.
 91583 | Depths:5 | Upgraded the game from 0.20-a0 to 0.20-a0-2-g2b0e13a
 91663 | Zot:1    | Entered Level 1 of the Realm of Zot
 91676 | Zot:1    | Noticed an orb of fire
 91681 | Depths:5 | Reached skill level 23 in Fighting
 92280 | Zot:1    | Gained mutation: Potions and wands are less effective at restoring your health. [an orb of fire]
 92292 | Zot:1    | Lost mutation: You are frail. (-10% HP) [an orb of fire]
 92294 | Zot:1    | Gained mutation: You have a pair of small antennae on your head. [an orb of fire]
 92295 | Zot:1    | Killed an orb of fire
 95071 | Zot:2    | Noticed an orb of fire
 95090 | Zot:2    | Gained mutation: Scrolls take you a little longer to read. [an orb of fire]
 95096 | Zot:2    | Killed an orb of fire
 95096 | Zot:2    | Reached skill level 24 in Fighting
 95422 | Zot:2    | HP: 10/261 [??? (7)]
 95423 | Zot:2    | Killed from afar by an electric golem

Vault maps used:
D:1:      dpeg_arrival_solitude, minmay_misc_feat_four_crosses,
          grunt_decor_fettered
D:2:      cheibriados_altar_1, bh_walls_and_bars
D:4:      grunt_temple_overflow_bloody_war, yredelemnul_forgotten_temple_becter,
          nicolae_gozag_seed_capital, uniq_edmund
D:5:      first_bread
D:6:      uniq_blork_the_orc
D:8:      grunt_lair_entry_orc_guard_hut
D:9:      orc_0_dummy
D:10:     grunt_livestock, grunt_qazlal_sundering, uniq_gastronok
D:11:     enter_bailey_7
D:12:     serial_ice, serial_ice_f, serial_ice_k, serial_ice_n, serial_ice_m,
          portal_ice_cave_entry_imps
D:13:     erik_vaults_1
D:15:     grunt_enter_depths_snipers, minmay_misc_feat_tower
Temple:   lightli_temple_of_artemis
Lair:1:   st_stairs_4, grunt_megastairs_1
Lair:2:   grunt_megastairs_2, bh_autumn_forest_stairs, lemuel_fruit_fields
Lair:3:   minmay_shoals_entry_beasts, nicolae_spider_entry_non_spiders,
          basic_altar, grunt_megastairs_5, infiniplex_staircase_pool_2
Lair:4:   serial_forest, infiniplex_forest_straight_2,
          infiniplex_forest_corner_1, infiniplex_forest_clump_diagonal,
          infiniplex_forest_clump_double, infiniplex_forest_clump_small,
          infiniplex_forest_zigzag_1, infiniplex_forest_clump_long,
          infiniplex_forest_straight_2, infiniplex_forest_end_3,
          infiniplex_forest_3_way, grunt_megastairs_3, uniq_sonja,
          uniq_josephine
Lair:5:   nicolae_slime_entry_slimehenge
Lair:6:   wormcave, hangedman_lair_caniforms_friends, minmay_hedge_maze,
          tgw_fedhas, lemuel_fruit_fields, lemuel_fruit_tree
Shoals:2: nicolae_shoals_island_circles
Shoals:3: st_shoals_ruin
Shoals:4: shoals_end_simple, shoal_ilsuiw, serial_shops, shop,
          hangedman_feature_mirror
Spider:1: nicolae_spider_webs_and_nodes
Spider:4: johnstein_spider_rune_arachne_lair
Orc:1:    uniq_harold
Orc:2:    grunt_orc_gardens, grunt_orc_garden, grunt_orc_garden,
          grunt_orc_garden, grunt_orc_garden, lab_entry_generic, uniq_nessos
Elf:1:    minmay_elf_annihilation, minmay_shop_star
Elf:3:    elf_hall_gauntlet_narrow, minmay_checkered_concentric_circles,
          uniq_louise
Vaults:1: ontoclasm_vaults_fault, v_rooms_6, nicolae_vaults_ring_of_whatevers,
          hangedman_vaults_corner_blocks, hangedman_vaults_slice,
          nicolae_vaults_three_branches, nicolae_vaults_triangles,
          ontoclasm_vaults_decontamination, v_misc_27,
          nicolae_vaults_what_the_h, lightli_enter_wizlab_magi_temple
Vaults:2: ontoclasm_vaults_tryst, blue_anna_dwarven_crypt, vaults_room_grid,
          v_rooms_3, v_alt_pattern_4, nicolae_vaults_network_periphery,
          v_misc_1, grunt_vaults_funnel, serial_shops, shop_scrolls, shop,
          nicolae_shop_trees, uniq_frederick
Vaults:3: v_pattern_4, vaults_room_semicircle, vaults_mumra_minichess_inversion,
          vaults_dpeg_doors, nicolae_vaults_yaktaur_gun_rack, v_misc_4,
          hangedman_vaults_capsules, v_misc_18, nicolae_vaults_little_squares_6,
          nicolae_vaults_holding_cells, v_misc_25, uniq_jory
Vaults:4: v_misc_8, hangedman_vaults_stretched_pinwheel, v_rooms_5,
          nicolae_vaults_puzzle_piece, vaults_room_stairs_pillars,
          st_hourglassy, nicolae_vaults_network_quincunx, vaults_room_hallway,
          hangedman_vaults_cutoff, ontoclasm_vaults_twist,
          nicolae_vaults_stairing_the_circle, nicolae_vaults_border_crossing,
          vaults_dpeg_ring, v_misc_17, vaults_dpeg_cross,
          ontoclasm_vaults_loading_screen, serial_shops, shop_fountains,
          shop_statue, portal_desolation_entry_garden
Vaults:5: serial_shops, uniq_jorgrun
Depths:1: grunt_metal_band, hangedman_abyss_entry_splay, corexii_corridor_pit,
          serial_co_window_serial, co_window_paths_a, co_window_paths_a,
          co_window_corner_a, co_window_corner_a, co_window_cross_1,
          co_window_unsneaky_path_b, co_window_broadway_a,
          co_window_of_opportunity_b, co_window_corner_cb, co_window_2corner,
          glass_columns_c, glass_columns_a, glass_columns_c, glass_columns_c,
          guppyfry_shop_venom
Depths:2: minmay_four_inscribed_fans, pan_entry, hangedman_coc_ice_floe,
          minmay_misc_feat_cross, minmay_staircase_windowed_small, uniq_nikola
Depths:3: kennysheep_treasure_stockpile, abyss_entry_crystal, hellmouth_3,
          serial_shops, shop_statue, nicolae_shop_waterfront,
          nicolae_shop_competitors_out_of_business, shop, shop, pan_entry,
          lemuel_round_altar, minmay_misc_feat_chi, uniq_margery
Depths:4: hourglass_vault, abyss_entry_flame_altar, hell_entry,
          minmay_misc_feat_square, hangedman_abyss_or_decor_clamps,
          hangedman_corner_corridor, minmay_staircase_statues_hall_small
Depths:5: grunt_zot_entry_funnels, enter_ziggurat_f, minmay_misc_feat_alley,
          hell_entry, rand_demon_pan_entry_7,
          hangedman_abyss_or_decor_jellyfish_corner
Zot:2:    nicolae_zot_draconian_monastery
Abyss:1:  evilmike_abyss_exit_vortex
Abyss:2:  hangedman_stitches_earthworm
Abyss:3:  lemuel_flamethrower_2, evilmike_abyss_exit_glass, abyss_furniture_001
Abyss:4:  evilmike_abyss_rune_ettins
Bailey:   bailey_axe_1, bailey
IceCv:    ice_cave_statue_garden_chambered
WizLab:   wizlab_demon

Skill      XL: |  1  2  3  4  5  6  7  8  9 10 11 12 13 14 15 16 17 18 19 20 21 22 23 24 25 26 27 |
---------------+----------------------------------------------------------------------------------+-----
Long Blades    | 4 5 6 8 9 10 14 | 14.0
Dodging        | 4 7 8 10 11 12 13 14 15 16 17 18 20 | 20.1
Fighting       | 4 5 8 9 11 12 13 14 15 16 18 20 21 22 24 | 24.1
Shields        | 4 8 10 12 | 12.7
Evocations     | 1 5 6 8 10 | 10.7
Hexes          | 1 4 5 6 11 14 | 14.9
Stealth        | 5 6 10 | 10.0
Spellcasting   | 3 4 6 9 11 12 13 15 16 17 18 19 | 19.2
Air Magic      | 2 5 7 |  7.9
Charms         | 1 5 7 |  7.0
Summonings     | 5 9 11 | 11.1
Conjurations   | 6 7 |  7.3
Transmutations | 7 |  7.5
Translocations | 4 11 14 15 | 15.5
Ice Magic      | 3 |  3.7
Unarmed Combat | 2 |  2.1
Throwing       | |  1.7

Action                   |  1- 3 |  4- 6 |  7- 9 | 10-12 | 13-15 | 16-18 | 19-21 | 22-24 | 25-27 || total
-------------------------+-------+-------+-------+-------+-------+-------+-------+-------+-------++-------
Melee: Long sword        |    91 |   117 |   171 |       |       |       |       |       |       ||   379
       Tailslap          |    12 |    22 |    67 |   125 |   334 |   303 |   570 |   714 |   829 ||  2976
       Scimitar          |       |       |   236 |   569 |  1655 |  1566 |  2217 |  2147 |  2382 || 10772
       Bite              |       |       |       |       |   168 |   230 |   442 |   556 |   657 ||  2053
       Demon blade       |       |       |       |       |       |       |       |       |    48 ||    48
Throw: Throwing net      |       |     4 |       |       |       |     4 |       |       |       ||     8
 Cast: Confuse           |       |       |       |     5 |     8 |     4 |       |       |       ||    17
       Deflect Missiles  |       |       |       |       |       |     5 |    12 |     9 |    12 ||    38
       Summon Mana Viper |       |       |       |       |       |    43 |    80 |    66 |    26 ||   215
       Aura of Abjuratio |       |       |       |       |       |       |     8 |       |     1 ||     9
       Silence           |       |       |       |       |       |       |    25 |    13 |       ||    38
       Irradiate         |       |       |       |       |       |       |     8 |     1 |     6 ||    15
       Ozocubu's Armour  |       |       |       |       |       |       |     5 |    58 |    33 ||    96
       Regeneration      |       |       |       |       |       |       |     2 |       |       ||     2
       Discord           |       |       |       |       |       |       |       |     2 |       ||     2
       Malign Gateway    |       |       |       |       |       |       |       |     8 |    35 ||    43
       Controlled Blink  |       |       |       |       |       |       |       |       |     3 ||     3
Invok: Curse Item        |       |       |     4 |     1 |     5 |     1 |     1 |     3 |       ||    15
       Scrying           |       |       |       |       |       |       |     2 |     2 |       ||     4
 Abil: Spit Acid         |       |       |    27 |    28 |    57 |   119 |    87 |    32 |    11 ||   361
Evoke: Wand              |       |       |     1 |    28 |    12 |    15 |     3 |       |    17 ||    76
       Phantom mirror    |       |       |       |       |       |       |       |     1 |       ||     1
  Use: Scroll            |       |       |    14 |    17 |    22 |    12 |    16 |    14 |    11 ||   106
       Potion            |       |       |       |     9 |     5 |     3 |     5 |     7 |    15 ||    44
 Stab: Sleeping          |     1 |       |       |     8 |    18 |    15 |    23 |    15 |    12 ||    92
       Held in net/web   |       |     4 |       |       |       |     1 |       |       |       ||     5
       Distracted        |       |       |     1 |       |     5 |     8 |    20 |    14 |    23 ||    71
       Confused          |       |       |       |       |     2 |     1 |       |       |       ||     3
       Invisible         |       |       |       |       |       |     6 |       |       |       ||     6
       Petrifying        |       |       |       |       |       |       |       |     1 |       ||     1
  Eat: Chunk             |     1 |     6 |    21 |    17 |    86 |    64 |    97 |    62 |    47 ||   401
       Fruit             |       |       |       |    16 |       |    27 |     5 |     1 |     6 ||    55
       Meat ration       |       |       |       |     1 |       |       |     1 |       |     3 ||     5
       Bread ration      |       |       |       |       |       |       |     1 |     1 |     2 ||     4
       Beef jerky        |       |       |       |       |       |       |     1 |     3 |     1 ||     5
       Pizza             |       |       |       |       |       |       |       |     1 |     1 ||     2
       Royal jelly       |       |       |       |       |       |       |       |       |     1 ||     1
Armor: Skin              |    36 |    19 |    77 |    56 |   252 |   264 |   324 |   264 |   407 ||  1699
Dodge: Dodged            |    64 |    80 |   210 |   319 |  1015 |   959 |  1514 |  1332 |  1960 ||  7453
       Deflected         |       |       |       |       |       |    31 |    64 |    65 |    66 ||   226
Block: Buckler           |       |     4 |   125 |   154 |    66 |       |       |       |       ||   349
       Shield            |       |       |       |       |   882 |   903 |  1740 |  1758 |  2384 ||  7667
       Rpst.: Long sword |    26 |    20 |    23 |       |       |       |       |       |       ||    69
       Scimitar          |       |       |    51 |    91 |   223 |   183 |   335 |   253 |   313 ||  1449
       Demon blade       |       |       |       |       |       |       |       |       |     4 ||     4
